 Dungeon Crawl Stone Soup version 0.31-a0-188-g5e087ee2ca (webtiles) character file.

Game seed: 10511367259547612569

20 qw the Shooter (level 2, -1/16 HPs)
             Began as a Deep Elf Hunter on June 23, 2023.
             Slain by a jackal (3 damage)
             ... on level 1 of the Dungeon.
             The game lasted 00:00:08 (269 turns).

qw the Shooter (Deep Elf Hunter)                     Turns: 269, Time: 00:00:09

Health: -1/16      AC:  3    Str:  8    XL:     2   Next: 58%
Magic:  4/4        EV: 12    Int: 13    God:
Gold:   24         SH:  0    Dex: 18    Spells: 1/1 levels left

rFire   . . .        a - +0 shortbow
rCold   . . .        (shield currently unavailable)
rNeg    . . .        c - +0 leather armour
rPois   .            (no helmet)
rElec   .            (no cloak)
rCorr   .            (no gloves)
SInv    .            (no boots)
Will    .....        (no amulet)
Stlth   ++           (no ring)
HPRegen 0.22/turn    (no ring)
MPRegen 0.09/turn

%: no passive effects
@: no status effects
A: no striking features
a: no special abilities


You were on level 1 of the Dungeon.
You visited 1 branch of the dungeon, and saw 1 of its levels.

You collected 24 gold pieces.


   Skills:
 - Level 1.5 Fighting
 + Level 6.3 Ranged Weapons
 - Level 2.4 Dodging
 - Level 1.2 Stealth


You had one spell level left.
You didn't know any spells.
Your spell library was empty.

Inventory:

Hand Weapons
 a - a +0 shortbow (weapon)
Armour
 c - a +0 leather armour (worn)
 d - a +1 cloak
 f - a +0 ring mail
Scrolls
 b - a scroll of butterflies
Potions
 e - a potion of heal wounds {unknown}
 g - a potion of curing {unknown}

Dungeon Overview and Level Annotations

Branches:
Dungeon (1/15)

Altars:


Message History

The jackal bites you. The jackal closely misses you.
You shoot an arrow. The arrow barely misses the jackal.
The arrow hits the bat.
The bat is heavily wounded.
The kobold closely misses you.
The jackal bites you but does no damage.
The jackal misses you. The kobold barely misses you.
You shoot an arrow. The arrow hits the jackal.
You kill the jackal!
The bat hits you but does no damage. The jackal bites you.
The jackal bites you but does no damage.
A hobgoblin comes into view.
The kobold hits you but does no damage.
You shoot an arrow. The hobgoblin shouts!
The arrow hits the kobold!
You kill the kobold!
The bat hits you but does no damage. The jackal barely misses you.
The bat hits you but does no damage.
You shoot an arrow. The arrow hits the kobold!
You kill the kobold!
The bat closely misses you. The bat misses you. The jackal bites you. x2
The bat barely misses you.
You shoot an arrow.
The arrow hits the bat but does no damage.
The bat misses you. The jackal bites you. The bat closely misses you.
The jackal misses you.
You shoot an arrow. The arrow barely misses the bat.
The bat barely misses you. The jackal closely misses you.
The bat hits you but does no damage.
You shoot an arrow. The arrow barely misses the bat.
The bat barely misses you. The bat closely misses you. The jackal bites you.
The bat closely misses you. The jackal barely misses you.
You shoot an arrow. The arrow hits the bat.
The bat is severely wounded.
The bat misses you. The bat hits you but does no damage.
The jackal closely misses you. The hobgoblin hits you.
You shoot an arrow. The arrow closely misses the bat.
The bat hits you but does no damage. The bat barely misses you.
The jackal closely misses you. The jackal bites you.
You die...

#.# #.. ## #.# ### .
##### #.# # . #...#
#.# # #. #...# #.# #
. #.###...###.# #
...#...........# #
.#....)h)..)...# #
.....bg@......###
###..###........#####
... #...#........# #
#...#.##.###.#
#####.##.# .##
...######.##.##...##
#...>...........%.#
#######...#.#......
####.#.#..#.....#


You could see a jackal, a hobgoblin and a bat.

Vanquished Creatures
  2 ball pythons (D:1)
  2 endoplasms (D:1)
  A giant cockroach (D:1)
  2 goblins (D:1)
  A hobgoblin (D:1)
  A jackal (D:1)
  5 kobolds (D:1)
  A bat (D:1)
  2 frilled lizards (D:1)
  2 rats (D:1)
19 creatures vanquished.

Notes
Turn   | Place    | Note
-------+----------+-------------------------------------------
     0 | D:1      | qw the Deep Elf Hunter began the quest for the Orb.
     0 | D:1      | Reached XP level 1. HP: 12/12 MP: 3/3
     0 | D:1      | 0 ||| qw: Version: 0.3-a-9-g12657ce
     0 | D:1      | 0 ||| qw: Game counter: 4354
     0 | D:1      | 0 ||| qw: Always use a shield: true
     0 | D:1      | 0 ||| qw: God list: Okawaru
     0 | D:1      | 0 ||| qw: Allow faded altars: false
     0 | D:1      | 0 ||| qw: Do Orc after D:15 true
     0 | D:1      | 0 ||| qw: Do second Lair branch before Depths: true
     0 | D:1      | 0 ||| qw: Lair rune preference: random
     0 | D:1      | 0 ||| qw: Plans: Normal
     0 | D:1      | 0 ||| PLANNING D:1-11
   204 | D:1      | Reached XP level 2. HP: 16/16 MP: 4/4
   209 | D:1      | Reached skill level 6 in Ranged Weapons
   267 | D:1      | HP: 4/16 [jackal (1)]
   268 | D:1      | HP: 1/16 [hobgoblin (3)]
   269 | D:1      | Slain by a jackal

Levels and vault maps discovered:
D:1:      dpeg_arrival_radiant, layout_loops_ring

Skill      XL: |  1  2 |
---------------+-------+-----
Ranged Weapons | 6 |  6.3
Fighting       | |  1.5
Dodging        | |  2.4
Stealth        | |  1.2

Action                     || total
---------------------------++-------
   Fire: Shortbow          ||    48
 Armour: Leather armour    ||    13
  Dodge: Dodged            ||    43

Table legend:
 A = Non-vault XP
 B = Vault XP
 C = Vault XP percentage of total XP
 D = Non-vault monster count
 E = Vault monster count
 F = Vault count percentage of total count
                 A         B        C        D         E       F
            +---------+---------+-------+---------+---------+-------
      Total |      29 |       0 |   0.0 |      19 |       0 |   0.0
            +---------+---------+-------+---------+---------+-------
        D:1 |      29 |       0 |   0.0 |      19 |       0 |   0.0
            +---------+---------+-------+---------+---------+-------
